 Dungeon Crawl Stone Soup version 0.23.0-3-gf3c87f2 (webtiles) character file.

Game seed: 10913288861570779851

43 Borgoz the Sneak (level 3, -2/26 HPs)
             Began as a Ghoul Enchanter on Feb 24, 2019.
             Slain by an iguana (14 damage)
             ... on level 2 of the Dungeon.
             The game lasted 00:02:35 (749 turns).

Borgoz the Sneak (Ghoul Enchanter)                   Turns: 749, Time: 00:02:35

Health: -2/26      AC:  3    Str: 11    XL:     3   Next: 58%
Magic:  2/4        EV: 11    Int: 10    God:
Gold:   48         SH:  0    Dex: 10    Spells: 2/5 levels left

rFire    . . .     SeeInvis .   a - +1 dagger
rCold    + . .     Gourm    .   (no shield)
rNeg     + + +     Faith    .   c - +0 leather armour
rPois    ∞         Spirit   .   (no helmet)
rElec    .         Reflect  .   (no cloak)
rCorr    .         Harm     .   (no gloves)
MR       .....                  (no boots)
Stlth    ++........             (no amulet)
HPRegen  0.00/turn              (no ring)
MPRegen  0.09/turn              (no ring)

@: very slightly contaminated, rotting
A: rotting body, claws 1, carnivore, cold resistance 1, negative energy
resistance 3, inhibited regeneration, torment resistance, unbreathing
a: no special abilities


You were on level 2 of the Dungeon.
You were not hungry.

You visited 1 branch of the dungeon, and saw 2 of its levels.

You collected 48 gold pieces.

Inventory:

Hand Weapons
 a - a +1 dagger (weapon)
Armour
 c - a +0 leather armour (worn)
Scrolls
 e - a scroll of enchant weapon {unknown}
Comestibles
 d - 4 rations


   Skills:
 * Level 1.8 Short Blades
 + Level 2.1 Dodging
 + Level 3.7 Stealth
 - Level 1.7 Spellcasting
 * Level 2.9 Hexes


You had 2 spell levels left.
You knew the following spells:

 Your Spells              Type           Power        Failure   Level  Hunger
a - Corona                Hex            #......      13%         1    ##.....
b - Ensorcelled Hibernat  Hex/Ice        #.....       34%         2    ###....

Your spell library contained the following spells:

 Spells                   Type           Power        Failure   Level  Hunger
 Confuse                  Hex            #.......     36%         3    ####...
 Tukima's Dance           Hex            #.......     36%         3    ####...
 Dazzling Spray           Conj/Hex       #.....       56%         3    ####...


Dungeon Overview and Level Annotations

Branches:
Dungeon (2/15)

Altars:
Dithmenos


Innate Abilities, Weirdness & Mutations

Your body is rotting away.
You thrive on raw meat.
You are immune to poison.
You have sharp fingernails.
You are carnivorous and can eat meat at any time.
Your flesh is cold resistant. (rC+)
You are immune to negative energy. (rN+++)
You do not regenerate when monsters are visible.
You are immune to unholy pain and torment.
You can survive without breathing.


Message History

Eat a chunk of flesh? (ye/n/q)
You eat the chunk of flesh.
This raw flesh tastes great!
Okay, then.
d - 4 rations (gained 1)
You start resting.
An iguana comes into view.
An iguana is nearby!
The iguana hisses angrily.
The iguana bites you!
Casting: Ensorcelled Hibernation (safe; 34% risk of failure)
Confirm with . or Enter, or press ? or * to list all spells.
Aiming: Ensorcelled Hibernation (safe; 34% risk of failure)
Press: ? - help, Shift-Dir - straight line, f - iguana
Aim: an iguana (chance to defeat MR: 44%)
You miscast Ensorcelled Hibernation.
You are very lightly contaminated with residual magic.
You hear an indistinct dissonance whispering inside your mind.
The iguana bites you!
Ouch! That really hurt!
You die...

##### #...# ####
#...##########...
#######...÷..........#
#.....#...###.......#
#..[..#...# #....l..###
#.<.......# ####@.....#
#.....#...######..###...
#.......................
##########........###...
#...........# #
................
................
.##........#.... ##
#.............


You could see an iguana.

Vanquished Creatures
  An adder (D:2)
  An ooze (D:1)
  A worm (D:2)
  A dart slug (D:1)
  3 bats
  A giant cockroach (D:2)
  A goblin (D:2)
  5 hobgoblins
  4 kobolds (D:1)
  A ball python (D:2)
  A frilled lizard (D:1)
  4 rats
24 creatures vanquished.

Notes
Turn   | Place    | Note
-------+----------+-------------------------------------------
     0 | D:1      | Borgoz the Ghoul Enchanter began the quest for the Orb.
     0 | D:1      | Reached XP level 1. HP: 14/14 MP: 2/2
    43 | D:1      | Reached skill level 1 in Short Blades
    83 | D:2      | Found a shadowy altar of Dithmenos.
   269 | D:1      | Reached XP level 2. HP: 18/18 MP: 3/3
   348 | D:1      | Learned a level 2 spell: Ensorcelled Hibernation
   636 | D:1      | Reached XP level 3. HP: 13/26 MP: 4/4
   749 | D:2      | Slain by an iguana

Skill      XL: |  1  2 |
---------------+-------+-----
Short Blades   | 1 |  1.8
Dodging        | 2 |  2.1
Stealth        | |  3.7
Spellcasting   | |  1.7
Hexes          | |  2.9

Action                   || total
-------------------------++-------
Melee: Dagger            ||   113
 Cast: Corona            ||     1
       Ensorcelled Hiber ||     2
 Stab: Sleeping          ||     4
  Eat: Chunk             ||    15
Armor: Robe              ||     8
       Leather armour    ||    17
Dodge: Dodged            ||    72
